 Dungeon Crawl Stone Soup version 0.18-a0-1542-g9c1a92e (webtiles) character file.

17551 Tomstefer the Severer (level 12, 0/169 HPs)
             Began as a Hill Orc Berserker on Mar 10, 2016.
             Was the Champion of Trog.
             Slain by a nine-headed hydra (6 damage)
             ... on level 2 of the Lair of Beasts.
             The game lasted 00:26:31 (15582 turns).

Tomstefer the Severer (Hill Orc Berserker)         Turns: 15582, Time: 00:26:32

Health: 0/169      AC: 18    Str: 28    XL:     12   Next: 49%
Magic:  12/12      EV:  8    Int: 10    God:    Trog [******]
Gold:   693        SH:  2    Dex: 12    Spells: 0 memorised, 11 levels left

rFire  + . .     SeeInvis .     L - +1 battleaxe
rCold  . . .     Gourm    .     F - +0 plate armour
rNeg   . . .     Faith    .     (shield currently unavailable)
rPois  .         Spirit   .     u - +2 helmet of the Desert {Int+3}
rElec  .         Dismiss  .     (no cloak)
rCorr  .         Reflect  +     w - +0 pair of gloves
SustAt .         Harm     .     (no boots)
MR     +....                    K - +2 amulet of reflection
Stlth  ..........               (no ring)
                                (no ring)

@: berserking, drained, very quick, somewhat resistant to hostile enchantments,
extremely unstealthy
A: fire resistance 1, magic resistance 1
a: Berserk, Trog's Hand, Brothers in Arms, Burn Spellbooks, Renounce Religion


You were on level 2 of the Lair of Beasts.
You worshipped Trog.
Trog was exalted by your worship.
You were not hungry.

You visited 2 branches of the dungeon, and saw 13 of its levels.

You collected 693 gold pieces.

Inventory:

Hand Weapons
 L - a +1 battleaxe (weapon)
Armour
 u - the +2 helmet of the Desert (worn) {Int+3}
   (You took it off Robin on level 3 of the Dungeon)

   It affects your intelligence (+3).
 w - a +0 pair of gloves (worn)
 F - a +0 plate armour (worn)
Jewellery
 e - a +3 ring of evasion {unknown}
 g - an uncursed ring of ice
 l - an uncursed ring of flight {unknown}
 K - a +2 amulet of reflection (around neck)
Wands
 a - a wand of flame (26/48)
 j - a wand of slowing (23/48)
 k - a wand of polymorph (11/24)
 C - a wand of lightning (11/15)
Scrolls
 d - 3 scrolls of identify
 f - 9 scrolls of remove curse
 i - a scroll of recharging
 m - 5 scrolls of enchant weapon
 p - 5 scrolls of teleportation
 x - 2 scrolls of blinking
 z - 2 scrolls of fog
Potions
 n - 4 potions of curing
 o - 2 potions of heal wounds
 q - a potion of cancellation
 A - 3 potions of haste
 G - 3 potions of might
 M - a potion of flight
Comestibles
 b - 4 chunks of flesh
 c - 7 bread rations
 h - 10 fruits
 s - 5 meat rations
 v - 2 royal jellies
 E - a beef jerky
 H - a slice of pizza


   Skills:
 + Level 12.7(12.3) Fighting
 * Level 18.5(18.0) Axes
 + Level 9.3(8.9) Armour
 - Level 1.5(1.2) Dodging


You had 11 spell levels left.
You didn't know any spells.

Dungeon Overview and Level Annotations

Branches:
Dungeon (11/15)            Temple (0/1) D:5            Lair (2/8) D:11
    Orc (0/2) D:9

Altars:
Elyvilon
Fedhas
Gozag
Kikubaaqudgha
Makhleb
Pakellas
Ru
Sif Muna
Trog
Vehumet
Xom
Zin
The Shining One

Shops:
D:10 }


Innate Abilities, Weirdness & Mutations

Your flesh is heat resistant.
You are resistant to hostile enchantments.


Message History

You slice one of the seven-headed hydra's heads off!
The six-headed hydra grows two more!
You slash the eight-headed hydra!
The eight-headed hydra is lightly wounded.
You hit the hippogriff.
The hippogriff is lightly wounded.
The yak gores you.
* * * LOW HITPOINT WARNING * * *
You slice the yak!!
The yak is heavily wounded.
You slash the hippogriff!
The hippogriff is heavily wounded.
You chop one of the eight-headed hydra's heads off!
The seven-headed hydra grows two more!
You slash the nine-headed hydra!
The nine-headed hydra is moderately wounded.
You are struck by the porcupine's spines.
* * * LOW HITPOINT WARNING * * *
You slash the porcupine!
The porcupine is almost dead.
The porcupine closely misses you. The nine-headed hydra bites you.
You die...

##...)....#...
##.............
#..............
#..............
##.............
.#.#.#.........
...........#...
.#.#.#.#HY...P...
.......@YY...P...
.#.#.#D#r?.......
..............<.
#.#.#.##........
..... .....#...
#.#.#. #....P...
....... #....P...
.#.# #. #....#...
.. .........


You could see a nine-headed hydra, 3 yaks, a hippogriff and a porcupine.

Vanquished Creatures
  A hydra (Lair:1)
  Erolcha (D:9)
  Nergalle (Lair:2)
  2 hill giants (D:11)
  An unseen horror (D:11)
  A deep elf mage (D:10)
  3 ugly things (D:11)
  A cyclops (D:11)
  Joseph (D:7)
  An elephant (Lair:2)
  A gargoyle (D:11)
  3 spiny frogs (Lair:1)
  A komodo dragon (Lair:1)
  2 trolls
  Grinder (D:3)
  2 two-headed ogres
  A spriggan (D:7)
  2 shadows
  6 yaks (Lair:1)
  A basilisk (Lair:1)
  5 hippogriffs
  A hungry ghost (D:7)
  5 wolves (Lair:2)
  2 hell hounds (D:11)
  4 water moccasins
  A porcupine (Lair:1)
  5 orc warriors
  3 sky beasts
  2 ice beasts
  3 black bears
  A phantom (D:9)
  2 wasps
  2 ogres
  4 centaurs
  7 crocodiles
  9 giant frogs
  A wyvern zombie (D:6)
  A wyvern skeleton (D:6)
  3 scorpions
  2 water moccasin skeletons
  A wight (D:11)
  2 howler monkeys (D:8)
  A quasit (Lair:1)
  A wasp zombie (D:10)
  4 crimson imps
  5 giant frog zombies
  A centaur zombie (D:5)
  5 jellies
  3 centaur skeletons
  4 hounds
  5 orc priests
  6 giant frog skeletons
  Natasha (thrice) (D:2)
  7 iguanas
  Terence (D:2)
  8 orc wizards
  6 worker ants
  5 sheep (Lair:1)
  A hound zombie (D:6)
  A hound skeleton (D:9)
  3 worker ant zombies (D:6)
  Robin (D:3)
  A howler monkey zombie (D:6)
  3 gnolls (D:4)
  A howler monkey skeleton (D:9)
  10 river rats (Lair:1)
  13 adders
  5 shadow imps
  4 oozes
  2 adder zombies
  2 adder skeletons
  4 worms
  3 dart slugs
  3 giant geckos
  36 orcs
  10 giant cockroaches
  20 goblins
  9 hobgoblins
  14 jackals
  6 quokkas
  A ball python (D:1)
  10 bats
  2 giant cockroach zombies (D:6)
  2 giant gecko zombies (D:6)
  5 giant newts
  12 kobolds
  2 quokka skeletons (D:7)
  4 quokka zombies
  7 rats
  A plant (Lair:1)
362 creatures vanquished.

Vanquished Creatures (collateral kills)
  A giant cockroach (D:3)
1 creature vanquished.

Vanquished Creatures (others)
  An orc wizard (D:5)
  2 orcs (D:5)
  3 fungi (Lair:1)
  A plant (Lair:1)
7 creatures vanquished.

Grand Total: 370 creatures vanquished

Notes
Turn   | Place    | Note
--------------------------------------------------------------
     0 | D:1      | Tomstefer the Hill Orc Berserker began the quest for the Orb.
     0 | D:1      | Reached XP level 1. HP: 19/19 MP: 1/1
   349 | D:1      | Reached XP level 2. HP: 17/27 MP: 2/2
   843 | D:2      | Reached skill level 5 in Axes
   843 | D:2      | Reached XP level 3. HP: 23/33 MP: 3/3
  1092 | D:2      | Reached ** piety under Trog
  1103 | D:2      | Noticed Natasha
  1118 | D:2      | Killed Natasha
  1118 | D:2      | Reached XP level 4. HP: 15/41 MP: 4/4
  1347 | D:2      | Noticed Natasha
  1351 | D:2      | Killed Natasha
  1351 | D:2      | Reached skill level 6 in Axes
  1439 | D:2      | Noticed Terence
  1466 | D:2      | Killed Terence
  1466 | D:2      | Reached XP level 5. HP: 16/47 MP: 5/5
  1793 | D:2      | Noticed Natasha
  1803 | D:2      | Killed Natasha
  1803 | D:2      | Reached skill level 5 in Fighting
  2008 | D:2      | Reached skill level 7 in Axes
  2150 | D:2      | Found a glowing golden altar of the Shining One.
  2150 | D:2      | Found a deep blue altar of Sif Muna.
  2191 | D:2      | Reached *** piety under Trog
  2376 | D:3      | Found an ancient bone altar of Kikubaaqudgha.
  2643 | D:3      | Found a radiant altar of Vehumet.
  2670 | D:3      | Reached XP level 6. HP: 56/56 MP: 6/6
  3145 | D:3      | Reached skill level 8 in Axes
  3189 | D:3      | Noticed Robin
  3192 | D:3      | Reached **** piety under Trog
  3209 | D:3      | Killed Robin
  3219 | D:3      | Got a faintly humming helmet
  3250 | D:3      | Identified the +2 helmet of the Desert {Int+3} (You took it off Robin on level 3 of the Dungeon)
  3573 | D:3      | Noticed Grinder
  3575 | D:3      | Paralysed by Grinder for 7 turns
  3604 | D:3      | Paralysed by Grinder for 7 turns
  3619 | D:3      | Killed Grinder
  3619 | D:3      | Reached skill level 9 in Axes
  3619 | D:3      | Reached XP level 7. HP: 25/63 MP: 7/7
  4680 | D:4      | Found a sacrificial altar of Ru.
  4689 | D:4      | Reached skill level 10 in Axes
  5092 | D:5      | Entered Level 5 of the Dungeon
  5453 | D:5      | Received a gift from Trog
  5454 | D:5      | Reached XP level 8. HP: 55/71 MP: 8/8
  5859 | D:5      | Found a shimmering altar of Xom.
  5881 | D:5      | Found a staircase to the Ecumenical Temple.
  5973 | D:5      | Found a bloodstained altar of Trog.
  5990 | D:5      | Reached skill level 11 in Axes
  6618 | D:6      | Reached skill level 12 in Axes
  6698 | D:6      | Reached XP level 9. HP: 81/81 MP: 9/9
  6999 | D:6      | Found an oddly glowing altar of Pakellas.
  7044 | D:6      | Reached skill level 13 in Axes
  7308 | D:6      | Found a blossoming altar of Fedhas.
  7328 | D:6      | Received a gift from Trog
  7901 | D:7      | Noticed Joseph
  7901 | D:7      | Noticed a troll
  7911 | D:7      | Killed a troll
  7918 | D:7      | Killed Joseph
  7918 | D:7      | Reached skill level 14 in Axes
  7925 | D:7      | Reached XP level 10. HP: 91/91 MP: 10/10
  8079 | D:7      | Found a white marble altar of Elyvilon.
  8217 | D:7      | Found a burning altar of Makhleb.
  8457 | D:8      | Reached ***** piety under Trog
  8463 | D:8      | Reached skill level 5 in Armour
  8663 | D:8      | Reached skill level 10 in Fighting
  9117 | D:8      | Found an opulent altar of Gozag.
  9167 | D:8      | Reached skill level 15 in Axes
  9795 | D:9      | Noticed Erolcha
  9810 | D:9      | Killed Erolcha
  9917 | D:9      | Found a glowing silver altar of Zin.
  9935 | D:9      | Found a staircase to the Orcish Mines.
 10085 | D:9      | Gained mutation: Your flesh is heat resistant. [potion of beneficial mutation]
 10086 | D:9      | Gained mutation: You are resistant to hostile enchantments. [potion of beneficial mutation]
 10114 | D:10     | Entered Level 10 of the Dungeon
 10132 | D:10     | Reached XP level 11. HP: 101/101 MP: 11/11
 10226 | D:10     | Found Wairuq's Gadget Shoppe.
 10233 | D:10     | Reached skill level 16 in Axes
 10772 | D:10     | Noticed a deep elf mage
 10810 | D:10     | Killed a deep elf mage
 11382 | D:11     | Noticed a hill giant
 11389 | D:11     | Killed a hill giant
 11431 | D:11     | Noticed a cyan ugly thing
 11442 | D:11     | Killed a cyan ugly thing
 11760 | D:11     | Noticed a brown ugly thing
 11774 | D:11     | Killed a brown ugly thing
 11992 | D:11     | Noticed a cyan ugly thing
 12012 | D:11     | Killed a cyan ugly thing
 12474 | D:11     | Found a staircase to the Lair.
 12502 | D:11     | Reached skill level 17 in Axes
 12770 | D:11     | Noticed a cyclops
 12781 | D:11     | Killed a cyclops
 13293 | D:11     | Noticed a hill giant
 13300 | D:11     | Killed a hill giant
 13756 | D:11     | Killed an unseen horror
 13773 | Lair:1   | Entered Level 1 of the Lair of Beasts
 13939 | Lair:1   | Reached XP level 12. HP: 23/112 MP: 12/12
 14393 | Lair:1   | Identified a scroll of acquirement
 14492 | Lair:1   | Noticed a five-headed hydra
 14511 | Lair:1   | Killed a six-headed hydra
 14787 | Lair:1   | Reached skill level 18 in Axes
 15486 | Lair:2   | Noticed Nergalle
 15512 | Lair:2   | Killed Nergalle
 15512 | Lair:2   | Reached ****** piety under Trog
 15572 | Lair:2   | Noticed a seven-headed hydra
 15582 | Lair:2   | HP: 6/169 [porcupine's spines (7)]
 15582 | Lair:2   | Slain by a nine-headed hydra

Vault maps used:
D:1:      minmay_arrival_widening_spiral_wide, amethyst_killhole,
          dk_noncrumbling_4, minmay_misc_feat_roman
D:2:      gammafunk_temple_overflow_elements, uniq_terence, uniq_natasha
D:3:      old_standard_altar, lemuel_round_altar, uniq_robin, uniq_grinder
D:4:      old_standard_altar, first_bread
D:5:      lightli_temple_of_fire, lemuel_coloured_pillars_altar,
          temple_fountains, corexii_mini_fake_secret_closet, minmay_misc_feat_x,
          minmay_misc_feat_enclosed
D:6:      fedhas_bush_and_centaur_altar, serial_undead, serial_undead_f,
          serial_undead_e, serial_undead_e, serial_undead_f, serial_undead_a,
          serial_undead_b, serial_undead_a, serial_undead_c,
          hangedman_decor_diamond_cutter, grunt_pakellas_salt
D:7:      nicolae_overflow_hidden_temple, elyvilon_altar_5, the_bakery,
          uniq_joseph
D:8:      lemuel_crystal_altar, minmay_misc_feat_plants
D:9:      lemuel_doored_altar, orc_0_dummy, uniq_erolcha
D:10:     serial_shops, shop
D:11:     minmay_lair_entry_lava
Lair:2:   mu_elephants_graveyard, portal_ice_cave_entry_ice_beasts,
          st_stairs_11, uniq_nergalle

Skill      XL: |  1  2  3  4  5  6  7  8  9 10 11 12 |
---------------+-------------------------------------+-----
Fighting       | 4 5 6 8 9 10 12 | 12.7
Axes           | 5 6 7 9 10 12 14 15 17 18 | 18.5
Armour         | 4 6 8 9 |  9.3
Dodging        | |  1.5

Action                   |  1- 3 |  4- 6 |  7- 9 | 10-12 || total
-------------------------+-------+-------+-------+-------++-------
Melee: Hand axe          |    81 |   277 |    39 |       ||   397
       War axe           |       |       |   312 |   111 ||   423
       Battleaxe         |       |       |       |   464 ||   464
Invok: Berserk           |     1 |     3 |     6 |    10 ||    20
       Brothers in Arms  |       |     1 |       |     1 ||     2
       Trog's Hand       |       |       |       |     2 ||     2
Evoke: Wand              |       |       |       |     2 ||     2
  Use: Scroll            |       |       |       |    23 ||    23
       Potion            |       |       |       |     5 ||     5
 Stab: Sleeping          |     1 |       |       |       ||     1
  Eat: Chunk             |     1 |    12 |    13 |    21 ||    47
       Fruit             |       |       |     2 |       ||     2
       Bread ration      |       |       |     1 |     4 ||     5
